 Dungeon Crawl Stone Soup version 0.25-a0-294-gea9b1ad (webtiles) character file.

Game seed: 10035308437763120804, levelgen mode: deterministic

102 15 the Gusty (level 4, -5/25 HPs)
             Began as a Tengu Air Elementalist on Dec 17, 2019.
             Slain by a gnoll
             ... wielding a +0 spear
              (11 damage)
             ... on level 2 of the Dungeon.
             The game lasted 00:12:31 (2099 turns).

15 the Gusty (Tengu Air Elementalist)               Turns: 2099, Time: 00:12:32

Health: -5/25      AC:  3    Str:  9    XL:     4   Next: 77%
Magic:  1/8        EV: 19    Int: 16    God:
Gold:   106        SH:  0    Dex: 19    Spells: 1/7 levels left

rFire    . . .     SeeInvis .   f - +0 dagger
rCold    . . .     Gourm    .   (no shield)
rNeg     . . .     Faith    .   a - +0 robe
rPois    .         Spirit   .   (helmet restricted)
rElec    .         Reflect  .   g - +0 cloak
rCorr    .         Harm     .   (no gloves)
MR       .....                  (boots unavailable)
Stlth    +++.......             (no amulet)
HPRegen  0.08/turn              (no ring)
MPRegen  0.11/turn              (no ring)

@: agile
A: beak, talons 3
a: no special abilities


You were on level 2 of the Dungeon.
You were hungry.

You visited 1 branch of the dungeon, and saw 2 of its levels.

You collected 106 gold pieces.

Inventory:

Hand Weapons
 e - a +0 club
 f - a +0 dagger (weapon)
Missiles
 h - a boomerang of dispersal (quivered)
 m - 4 boomerangs
Armour
 a - a +0 robe (worn)
 g - a +0 cloak (worn)
Scrolls
 b - 3 scrolls of identify {unknown}
 j - 2 scrolls of remove curse
 l - a scroll of amnesia {unknown}
 n - a scroll of teleportation {unknown}
Comestibles
 c - 6 rations
 i - a chunk of flesh


   Skills:
 * Level 1.0 Fighting
 + Level 0.1 Short Blades
 * Level 1.5 Armour
 * Level 2.9 Dodging
 * Level 2.3 Stealth
 + Level 2.2 Spellcasting
 * Level 2.0 Conjurations
 * Level 5.2 Air Magic


You had one spell level left.
You knew the following spells:

 Your Spells              Type           Power        Failure   Level  Hunger
a - Shock                 Conj/Air       ##..         4%          1    #......
b - Swiftness             Chrm/Air       ##......     11%         2    ###....
c - Static Discharge      Conj/Air       ##......     14%         3    ###....

Your spell library contained the following spells:

 Spells                   Type           Power        Failure   Level  Hunger
 Airstrike                Air            ###.......   24%         4    #####..
 Lightning Bolt           Conj/Air       ##........   77%         5    ######.


Dungeon Overview and Level Annotations

Branches:
Dungeon (2/15)

Altars:


Innate Abilities, Weirdness & Mutations

You have a beak for a mouth.
You have claws for feet.


Message History

The gnoll closely misses you.
Casting: Shock (safe; 4% risk of failure)
Confirm with . or Enter, or press ? or * to list all spells.
You don't know that spell.
It was a potion of agility.
You feel agile all of a sudden. The gnoll hits you with a +0 spear.
* * * LOW HITPOINT WARNING * * *
You barely miss the gnoll. You claw the gnoll, but do no damage.
You peck the gnoll, but do no damage.
The gnoll is severely wounded.
The gnoll barely misses you.
You hit the gnoll but do no damage. Your kick misses the gnoll.
You peck the gnoll.
The gnoll is almost dead.
The gnoll completely misses you.
You closely miss the gnoll.
The gnoll is almost dead.
The gnoll hits you with a +0 spear!
You die...

.....#####.#####..........##.....
.......................gg........
.)....####.#####..#######.##.....
......# #.# #..# ###.##.....
......# #.# #..#####..........
.....)####.# #......+..........
...........# #..#####..........
...........# #g...........g....
.(.........# #@######........?.
...#######.# #.# #.......g..
...#######.#####.######..........
................................
..............<.........
.######.##.##....##.....
....<................... ##
......#.##.#####.##..... ..
...........#####... .... ..##


You could see a gnoll.

Vanquished Creatures
  A howler monkey zombie (D:2)
  3 gnolls (D:2)
  4 oozes
  A leopard gecko (D:1)
  2 giant cockroaches (D:2)
  8 goblins
  A hobgoblin (D:1)
  3 jackals (D:1)
  A quokka (D:2)
  7 bats
  2 frilled lizards (D:1)
  5 kobolds
  7 rats
45 creatures vanquished.

Notes
Turn   | Place    | Note
-------+----------+-------------------------------------------
     0 | D:1      | 15 the Tengu Air Elementalist began the quest for the Orb.
     0 | D:1      | Reached XP level 1. HP: 10/10 MP: 4/4
   195 | D:1      | Reached XP level 2. HP: 13/15 MP: 3/6
   255 | D:1      | Learned a level 2 spell: Swiftness
   475 | D:1      | Reached XP level 3. HP: 20/20 MP: 2/7
   535 | D:1      | Learned a level 3 spell: Static Discharge
  1213 | D:2      | Reached skill level 1 in Armour
  1523 | D:2      | Reached XP level 4. HP: 24/24 MP: 2/8
  1832 | D:2      | Reached skill level 5 in Air Magic
  1910 | D:2      | Reached skill level 1 in Fighting
  2089 | D:2      | HP: 1/25 [gnoll/+0 spear (5)]
  2099 | D:2      | Slain by a gnoll

Levels and vault maps discovered:
D:1:      minmay_arrival_split_and_join, layout_basic
D:2:      layout_basic

Skill      XL: |  1  2  3  4 |
---------------+-------------+-----
Armour         | 1 |  1.5
Air Magic      | 5 |  5.2
Fighting       | 1 |  1.0
Conjurations   | 2 |  2.0
Short Blades   | |  0.1
Dodging        | |  2.9
Stealth        | |  2.3
Spellcasting   | |  2.2

Action                   |  1- 3 |  4- 6 || total
-------------------------+-------+-------++-------
Melee: Dagger            |    32 |    20 ||    52
       Peck              |     5 |     4 ||     9
       Kick              |     4 |     5 ||     9
Throw: Boomerang         |     5 |       ||     5
 Cast: Shock             |    38 |    22 ||    60
       Static Discharge  |     4 |     1 ||     5
       Swiftness         |     1 |       ||     1
  Use: Scroll            |     1 |       ||     1
       Potion            |       |     2 ||     2
 Stab: Sleeping          |     1 |     1 ||     2
  Eat: Chunk             |     3 |     2 ||     5
Armor: Robe              |    22 |     3 ||    25
Dodge: Dodged            |    49 |    14 ||    63

Table legend:
 A = Non-vault XP
 B = Vault XP
 C = Vault XP percentage of total XP
 D = Non-vault monster count
 E = Vault monster count
 F = Vault count percentage of total count
                 A         B        C        D         E       F
            +---------+---------+-------+---------+---------+-------
      Total |     146 |       0 |   0.0 |      45 |       0 |   0.0
            +---------+---------+-------+---------+---------+-------
        D:1 |      60 |       0 |   0.0 |      28 |       0 |   0.0
        D:2 |      86 |       0 |   0.0 |      17 |       0 |   0.0
            +---------+---------+-------+---------+---------+-------
